 Dungeon Crawl Stone Soup version 0.31.0-12-g77e489cdc1 (webtiles) character file.

Game seed: 15883276242257151822

43 spaghetti the Ruffian (level 3, -1/30 HPs)
             Began as a Naga Chaos Knight on Feb 26, 2024.
             Was a Plaything of Xom.
             Slain by a goblin
             ... wielding a +0 club
             ... led by Robin
              (6 damage)
             ... on level 2 of the Dungeon.
             The game lasted 00:01:05 (1130 turns).

spaghetti the Ruffian (Naga Chaos Knight)           Turns: 1130, Time: 00:01:05

Health: -1/30      AC:  6    Str: 16    XL:     3   Next: 58%
Magic:  3/3        EV:  9    Int: 12    God:    Xom [..*...]
Gold:   139        SH:  0    Dex: 10    Spells: 2/2 levels left

rFire   . .          .
                       - Unarmed
rCold   . . .        (no shield)
rNeg    . . .        a - +2 leather armour
rPois   +            (helmet restricted)
rElec   .            (no cloak)
rCorr   .            (no gloves)
SInv    +            (no barding)
Will    .....        (no amulet)
Stlth   +            (no ring)
HPRegen 0.25/turn    (no ring)
MPRegen 0.08/turn

%: no passive effects
@: brilliant, attractive, very slow
A: AC +1, large, see invisible, deformed body, poison resistance, slowness 2,
spit poison 1, naga tail 1, antennae 1, iridescent scales 1, frail 1
a: Spit Poison, Renounce Religion


You were on level 2 of the Dungeon.
You worshipped Xom.
You were a toy of Xom.
You visited 1 branch of the dungeon, and saw 2 of its levels.

You collected 139 gold pieces.

Inventory:

Armour
 a - a +2 leather armour (worn)
Scrolls
 b - a scroll of butterflies
 c - 2 scrolls of identify {unknown}
 e - a scroll of teleportation {unknown}
 h - a scroll of fog {unknown}
 i - a scroll of vulnerability


   Skills:
 - Level 3.0 Fighting
 - Level 1.5 Armour
 - Level 0.7 Dodging
 + Level 4.5 Unarmed Combat


You had 2 spell levels left.
You didn't know any spells.
Your spell library contained the following spells:

 Spells                   Type           Power      Damage    Failure   Level
 Summon Ice Beast         Ice/Summ       0%         N/A       77%         3
 Vhi's Electric Charge    Tloc/Air       0%         N/A       99%         4
 Polar Vortex             Ice            0%         N/A       100%        9


Dungeon Overview and Level Annotations

Branches:
Dungeon (2/15)

Altars:

Annotations:
D:2 Robin


Innate Abilities, Weirdness & Mutations

Your serpentine skin is tough. (AC +1)
You have supernaturally acute eyesight. (SInv)
Armour fits poorly on your strangely shaped body.
Your system is resistant to poisons. (rPois)
You cover ground very slowly.
You can spit poison.
You have a snake-like lower body.
You have a pair of small antennae on your head.
You are partially covered in iridescent scales. (AC +2)
You are frail. (-10% HP)


Message History

The goblin hits you but does no damage.
You hear a shout!
Unknown command.
It was a potion of heal wounds.
You feel much better.
Xom thinks this is hilarious!
The goblin hits you with a +0 dagger. The goblin hits you but does no damage.
The goblin hits you with a +0 club.
It was a potion of curing.
You feel better.
Xom roars with laughter!
You have got your breath back.
The goblin hits you but does no damage. The goblin hits you with a +0 club. x2
It was a potion of brilliance.
You feel clever all of a sudden. Robin throws the goblin at you!
The goblin hits you with a +0 dagger.
A goblin comes into view. It is wielding a +0 club.
The goblin barely misses you.
You hit the goblin but do no damage. Robin hits you but does no damage.
The goblin hits you with a +0 dagger. The goblin closely misses you.
The rat barely misses you.
The hobgoblin hits you but does no damage.
The goblin hits you but does no damage.
It was a potion of attraction.
You feel attractive to monsters.
Robin hits you from afar with a +0 trident.
The goblin hits you but does no damage. The goblin hits you with a +0 club.
The hobgoblin hits you. The rat bites you.
* * * LOW HITPOINT WARNING * * *
The goblin hits you with a +0 club.
* * * LOW HITPOINT WARNING * * *
The goblin is attracted toward you.
It was a potion of mutation.
You feel extremely strange. A pair of antennae grows on your head!
Iridescent scales grow over part of your body.
You feel frail.
A goblin comes into view. It is wielding a +0 dagger.
The goblin completely misses you. The goblin closely misses you.
The rat bites you.
* * * LOW HITPOINT WARNING * * *
The hobgoblin barely misses you. The goblin hits you with a +0 club.
You die...

#.# .##.#.## #.#
#.##...## #.# #.##.#.##
#.# ###.###..## # #.#
........÷#.
###.##.#######........
..#...........###.##.
#g###g##g######..###.###
...§grr@g.#####......# #
##..###gg........##### #
#...######## # ##.## #
#.# # #.. # ### # #


You could see Robin, a hobgoblin (strong), 5 goblins and 2 rats.

Vanquished Creatures
  2 adders (D:2)
  2 ribbon worms (D:2)
  3 endoplasms
  A giant cockroach (D:2)
  2 goblins
  2 kobolds (D:1)
  3 bats (D:1)
  2 frilled lizards (D:1)
  5 rats
22 creatures vanquished.

Notes
Turn   | Place    | Note
-------+----------+-------------------------------------------
     0 | D:1      | spaghetti the Naga Chaos Knight began the quest for the
                  | Orb.
     0 | D:1      | Reached XP level 1. HP: 21/21 MP: 1/1
    31 | D:1      | XOM: silly message
   238 | D:1      | Reached XP level 2. HP: 28/28 MP: 2/2
   439 | D:1      | XOM: silly message
   677 | D:2      | Reached skill level 4 in Unarmed Combat
   795 | D:2      | Reached XP level 3. HP: 34/34 MP: 3/3
  1020 | D:2      | Got the Omnibus of Topological Graupel
  1117 | D:2      | Noticed Robin
  1130 | D:2      | Gained mutation: You have a pair of small antennae on your
                  | head. [potion of mutation]
  1130 | D:2      | Gained mutation: You are partially covered in iridescent
                  | scales. (AC +2) [potion of mutation]
  1130 | D:2      | Gained mutation: You are frail. (-10% HP) [potion of
                  | mutation]
  1130 | D:2      | Slain by a goblin

Illustrated notes

Levels and vault maps discovered:
D:1:      beargit_arrival_diablo_church, layout_basic
D:2:      layout_loops_ring, grunt_decor_arrowhead, minmay_fountain_box,
          columned_hall_lemuel, minmay_misc_feat_encased, minmay_hexomino_p4,
          uniq_robin, uniq_jessica

Skill      XL: |  1  2 |
---------------+-------+-----
Unarmed Combat | 4 |  4.5
Fighting       | |  3.0
Armour         | |  1.5
Dodging        | |  0.7

Action                     || total
---------------------------++-------
  Melee: Unarmed           ||    55
Ability: Spit Poison       ||    17
    Use: Scroll            ||     4
         Potion            ||     5
 Armour: Leather armour    ||    55
  Dodge: Dodged            ||    39
